 Dungeon Crawl Stone Soup version 0.30.1-4-g462c640d31 (webtiles) character file.

Game seed: 399658724611747202

191309 Graphine the Severer (level 17, -13/152 HPs)
             Began as a Minotaur Fighter on Aug 17, 2023.
             Was the Champion of Wu Jian.
             Mangled by a thorn hunter (15 damage)
             ... on level 4 of the Swamp.
             The game lasted 01:24:45 (30650 turns).

Graphine the Severer (Minotaur Fighter)            Turns: 30650, Time: 01:24:46

Health: -13/152    AC: 38    Str: 27    XL:     17   Next: 57%
Magic:  16/16      EV:  8    Int:  4    God:    Wu Jian [******]
Gold:   2441       SH:  5    Dex: 17    Spells: 16/16 levels left

rFire   . . .        L - +9 battleaxe (venom)
rCold   + . .        (shield currently unavailable)
rNeg    + + .        H - +10 plate armour of the Mind {Contam Harm rN+}
rPois   +            s - +0 hat {Stlth+}
rElec   +            v - +2 ratskin cloak {*Rats rPois rN+ Str-1 Int-1 Dex+1}
rCorr   .            C - +0 pair of gloves "Gizxoh" {rElec rC+ Dex+5}
SInv    .            a - +2 pair of boots
Will    ++...        S - amulet of reflection
Stlth   +++          Y - ring of willpower
HPRegen 0.45/turn    f - ring of flight
MPRegen 0.15/turn

%: harm (+30% outgoing, +20% incoming), reflection
@: about to teleport, flying, slowed, studying Ranged Weapons, very slow
A: horns 2, retaliatory headbutt, sense surroundings 1, subdued magic 1
}: 1/15 runes: serpentine
a: Renounce Religion, Wall Jump, Serpent's Lash, Heavenly Storm


You were on level 4 of the Swamp.
You worshipped Wu Jian.
Wu Jian was exalted by your worship.
You visited 6 branches of the dungeon, and saw 29 of its levels.
You also visited: Sewer and Volcano.

You collected 3768 gold pieces.
You spent 1327 gold pieces at shops.

Inventory:

Hand Weapons
 c - a +1 heavy longbow
 n - the +8 hand axe "Huinos" {freeze, rCorr Str-4 Dex+6}
   (You found it on level 2 of the Dungeon)

   Str:       It affects your strength (-4).
   Dex:       It affects your dexterity (+6).
   rCorr:     It protects you from acid and corrosion.
 G - a +5 battleaxe of freezing
 K - the +7 flail of No Interval {holy, rC+ Int+4 SInv}
   (You found it on level 10 of the Dungeon)

   Int:       It affects your intelligence (+4).
   rC:        It protects you from cold.
   SInv:      It lets you see invisible.
 L - a +9 battleaxe of venom (weapon)
Armour
 a - a +2 pair of boots (worn)
 s - a +0 hat of stealth (worn)
 v - the +2 ratskin cloak (worn) {*Rats rPois rN+ Str-1 Int-1 Dex+1}
   (You bought it in a shop on level 2 of the Orcish Mines)

   *Rats:     When the wearer is hurt, rats may emerge from it to assist them.
   Str:       It affects your strength (-1).
   Int:       It affects your intelligence (-1).
   Dex:       It affects your dexterity (+1).
   rPois:     It protects you from poison.
   rN:        It protects you from negative energy.
 x - a +1 tower shield of reflection
 C - the +0 pair of gloves "Gizxoh" (worn) {rElec rC+ Dex+5}
   (You acquired it on level 9 of the Dungeon)

   Dex:       It affects your dexterity (+5).
   rC:        It protects you from cold.
   rElec:     It insulates you from electricity.
 H - the +10 plate armour of the Mind (worn) {Contam Harm rN+}
   (You acquired it on level 9 of the Dungeon)

   rN:        It protects you from negative energy.
   Contam:    It causes magical contamination when unequipped.
   Harm:      It increases damage dealt and taken.
Jewellery
 f - a ring of flight (right hand)
 z - a +5 ring of evasion
 A - a ring of protection from cold
 I - a ring of positive energy
 N - the ring of Itarull {rC+ Stlth+}
   (You found it on level 2 of the Swamp)

   [ring of protection from cold]

   rC:        It protects you from cold.
   Stlth:     It makes you more stealthy.
 P - a +5 ring of evasion
 S - an amulet of reflection (around neck)
 W - a ring of protection from fire
 Y - a ring of willpower (left hand)
Wands
 j - a wand of flame (40) (quivered)
 u - a wand of mindburst (20)
 y - a wand of polymorph (9)
 B - a wand of iceblast (26)
 E - a wand of digging (14)
 Q - a wand of paralysis (45)
 U - a wand of acid (7)
Scrolls
 e - 8 scrolls of teleportation
 k - 5 scrolls of vulnerability
 o - a scroll of silence
 r - 7 scrolls of butterflies
 t - 3 scrolls of immolation
 w - 4 scrolls of magic mapping
 D - 5 scrolls of poison
 J - 2 scrolls of fear
 O - a scroll of amnesia
 Z - 4 scrolls of fog
Potions
 b - 2 potions of attraction
 d - 6 potions of might
 g - a potion of resistance
 h - 4 potions of mutation
 i - 6 potions of flight
 l - 6 potions of heal wounds
 m - 9 potions of brilliance
 p - 8 potions of haste
 q - 9 potions of curing
 R - 5 potions of invisibility
 V - a potion of berserk rage
Miscellaneous
 F - a lightning rod (4/4)
 M - a tin of tremorstones (2/2)
 T - a box of beasts
 X - a phial of floods


   Skills:
 - Level 14.0 Fighting
 - Level 20.0 Axes
 - Level 18.0 Ranged Weapons
 * Level 18.9 Armour
 * Level 16.2 Stealth
 - Level 5.0 Shields


You had 16 spell levels left.
You didn't know any spells.
Your spell library contained the following spells:

 Spells                   Type           Power      Damage    Failure   Level
 Foxfire                  Conj/Fire      0%         2x1d4     95%         1
 Magic Dart               Conj           0%         1d3       95%         1
 Sting                    Tmut/Pois      0%         1d3       95%         1
 Call Imp                 Summ           0%         N/A       99%         2
 Lesser Beckoning         Tloc           0%         N/A       99%         2
 Poisonous Vapours        Pois/Air       0%         N/A       99%         2
 Dazzling Flash           Conj/Hex       0%         N/A       100%        3
 Gell's Gravitas          Tloc           0%         N/A       100%        3
 Hailstorm                Conj/Ice       0%         3d3       100%        3
 Mephitic Cloud           Conj/Pois/Air  0%         N/A       100%        3
 Portal Projectile        Hex/Tloc       0%         N/A       100%        3
 Teleport Other           Tloc           0%         N/A       100%        3
 Tukima's Dance           Hex            0%         N/A       100%        3
 Ice Form                 Ice/Tmut       0%         N/A       100%        4
 Olgreb's Toxic Radiance  Pois           0%         N/A       100%        4
 Agony                    Necr           0%         N/A       100%        5
 Blade Hands              Tmut           0%         N/A       100%        5
 Fireball                 Conj/Fire      0%         3d3       100%        5
 Freezing Cloud           Conj/Ice/Air   0%         6-21      100%        5
 Silence                  Hex/Air        0%         N/A       100%        5
 Summon Forest            Summ/Tloc      0%         N/A       100%        5
 Summon Mana Viper        Hex/Summ       0%         N/A       100%        5
 Plasma Beam              Fire/Air       0%         2x1d11    100%        6
 Simulacrum               Ice/Necr       0%         N/A       100%        6
 Starburst                Conj/Fire      0%         6d3       100%        6
 Summon Cactus Giant      Summ           0%         N/A       100%        6


Dungeon Overview and Level Annotations

Branches:
Dungeon (13/15)            Temple (1/1) D:6            Lair (5/5) D:10
  Swamp (4/4) Lair:2        Snake (4/4) Lair:3        Slime (0/5) Lair:5
    Orc (2/2) D:10            Elf (0/3) Orc:2         Sewer (visited)
Volcano (visited)
 Vaults: D:13-14

Altars:
Ashenzari
Cheibriados
Dithmenos
Elyvilon
Fedhas
Gozag
Hepliaklqana
Kikubaaqudgha
Makhleb
Nemelex Xobeh
Okawaru
Qazlal
Ru
Sif Muna
Trog
Uskayaw
Vehumet
Wu Jian
Xom
Yredelemnul
Zin
The Shining One

Shops:
D:4 *   D:12 (   Orc:1 ?   Orc:2 [([[   Snake:3 (


Innate Abilities, Weirdness & Mutations

You have a pair of horns on your head.
You reflexively headbutt those who attack you in melee.
You passively map a small area around you.
Your spells are a little easier to cast, but a little less powerful.


Message History

The spriggan druid splashes around in the water.
The eleionoma hits you but does no damage.
You feel much better.
The thorn hunter fires a volley of thorns at you.
The volley of thorns misses you.
The volley of thorns hits the eleionoma!!
The swamp worm fires a harpoon shot at you.
The harpoon shot hits you!
* * * LOW HITPOINT WARNING * * *
You are yanked forward by the harpoon shot.
A fenstrider witch comes into view.
The spriggan druid mumbles some strange words.
The forest starts to sway and rumble!
The eleionoma touches a tree and draws upon its vitality.
The eleionoma is healed.
The thorn hunter completely misses you.
The thorn hunter hits you but does no damage.
The swamp worm bites you!
* * * LOW HITPOINT WARNING * * *
The spriggan druid hits you but does no damage.
As you read the scroll of teleportation, it crumbles to dust.
You feel strangely unstable.
The fenstrider witch shouts!
The torpor snail seems to regain its courage.
You are hit by a branch.
* * * LOW HITPOINT WARNING * * *
A root smacks you from below!
* * * LOW HITPOINT WARNING * * *
The bunyip seems to regain its courage.
The spriggan rider seems to regain its courage.
The eleionoma hits you but does no damage.
The thorn hunter gestures.
Thorny briars emerge from the ground!
The swamp worm barely misses you. You furiously retaliate!
You headbutt the swamp worm!
Cornered, the spriggan rider turns to fight!
The spriggan druid hits you with a +0 quarterstaff.
* * * LOW HITPOINT WARNING * * *
The eleionoma closely misses you.
The thorn hunter hits you but does no damage.
The thorn hunter hits you!
You die... ♣..♣♣.....~♣♣♣~~~~.~~♣ ♣♣♣♣♣♣.~§~.♣♣♣.~~~§.♣♣ ~ * #.~~§...P~~~~~.♣ * ###§~~†.P.~~~~♣♣ ~ ~ ~ , ###~~~.♣♣.~♣♣*~ P * ~ ##~~..♣♣♣♣ ♣PP

, , * ##.~~♣♣
♣i.P~ , , ,*
*~
##~~R♣♣y.~PP♣
~~ ,
#~~?@Xw~~~.~
, ~
~##.fiw.~~~.~
~ ~ ~
*#.~.♣.x(.w~
* *
#H.♣♣♣~~.~~
w#♣♣ ,~.[.. ~
..* ~~.♣♣ ~ *
~ ~~~ ~ ~~.
~§.§ ...


You could see a tentacled monstrosity, a thorn hunter, a bunyip (poisoned), an
eleionoma (extremely poisoned), a fenstrider witch, 2 tyrant leeches, a spriggan
rider, a torpor snail, a moth of wrath, a spriggan druid (very poisoned) and a
swamp worm.

Vanquished Creatures
  Vashnia (Snake:4)
  Jorgrun (Swamp:2)
  Mlioglotl (Swamp:3)
  Frances (Swamp:1)
  An acid blob (Lair:5)
  The ghost of grothendieck the Warrior, an adept DjVM of Makhleb (Swamp:2)
  5 nagarajas
  Louise (Swamp:4)
  The ghost of GeoRichter the Thaumaturge, a journeyman GnWr of Lugonu (Lair:5)
  5 bunyips
  7 eleionomae
  A fire dragon (Lair:5)
  10 anacondas
  A catoblepas (D:13)
  8 hydras
  A ghost crab (Swamp:3)
  2 two-headed ogres
  3 centaur warriors
  2 alligators
  5 boulder beetles
  A salamander tyrant (Snake:4)
  17 naga warriors
  The ghost of infcreate the Skirmisher, a journeyman DEHu of Okawaru (D:11)
  The ghost of aeroqp the Destroyer, a journeyman VSCj of Elyvilon (D:10)
  2 orc high priests (Orc:1)
  3 death yaks (Lair:4)
  15 naga sharpshooters
  Sonja (D:11)
  8 spriggans
  A hell knight (Volcano)
  6 shock serpents
  Amaemon (D:11)
  3 skysharks
  Lodul (D:11)
  3 spriggan druids
  2 bog bodies
  2 goliath frogs
  5 swamp dragons
  5 naga ritualists
  9 mana vipers
  5 orc knights
  Pikel (D:8)
  10 salamanders
  An oklob plant (Lair:5)
  3 deep elf pyromancers
  2 orc sorcerers
  5 will-o-the-wisps
  A manticore (D:11)
  4 cyclopes
  Maurice (D:8)
  33 black mambas
  6 guardian serpents
  A torpor snail (Lair:3)
  A molten gargoyle (Volcano)
  An ice statue (Swamp:3)
  A smoke demon (Volcano)
  5 orange demons
  10 cane toads
  10 rime drakes
  Maggie (D:8)
  18 naga magi
  4 unseen horrors
  5 gargoyles
  10 komodo dragons
  3 red devils
  8 trolls
  10 polar bears
  6 hornets
  6 tyrant leeches
  A queen bee (D:9)
  3 raiju (Lair:5)
  31 blink frogs
  6 dream sheep (Lair:5)
  12 slime creatures
  A shadow (D:7)
  Sigmund (D:2)
  3 wyverns
  2 wraiths
  4 fire bats
  Grum (D:9)
  18 yaks
  3 basilisks (Lair:5)
  4 vampire mosquitoes (D:13)
  6 steam dragons
  8 wargs
  38 nagas
  15 swamp worms
  7 water moccasins
  7 acid dragons
  17 hell hounds
  2 swamp drakes
  9 ice beasts
  40 orc warriors
  2 sky beasts
  17 ogres
  13 black bears
  28 wolves
  23 centaurs
  2 lemures (D:8)
  5 kobold brigands
  5 phantoms
  13 bullfrogs
  A gnoll sergeant (D:7)
  2 scorpions
  11 wights
  32 killer bees
  3 howler monkeys
  5 electric eels (Lair:1)
  A vampire bat (Lair:1)
  7 lava snakes
  15 orc priests
  2 jellies
  4 hounds
  5 iguanas
  21 orc wizards
  3 gnolls (D:7)
  11 adders
  A river rat (Sewer)
  2 shadow imps
  2 white imps (D:5)
  2 ufetubi
  5 worms
  2 dart slugs
  80 orcs
  13 bats
  9 endoplasms
  5 giant cockroaches
  4 goblins
  5 hobgoblins
  5 jackals (Sewer)
  7 quokkas
  6 ball pythons
  3 frilled lizards
  20 kobolds
  11 rats
969 creatures vanquished.

Vanquished Creatures (collateral kills)
  A naga mage (Snake:4)
1 creature vanquished.

Vanquished Creatures (others)
  A will-o-the-wisp (Swamp:1)
  A bloated husk (Swamp:1)
  A swamp worm (Swamp:1)
  10 foxfires
13 creatures vanquished.

Grand Total: 983 creatures vanquished

Notes
Turn   | Place    | Note
-------+----------+-------------------------------------------
     0 | D:1      | Graphine the Minotaur Fighter began the quest for the Orb.
     0 | D:1      | Reached XP level 1. HP: 19/19 MP: 0/0
   335 | D:1      | Reached XP level 2. HP: 27/27 MP: 1/1
  1434 | D:2      | Reached skill level 3 in Axes
  1477 | D:2      | Reached XP level 3. HP: 33/33 MP: 2/2
  1568 | D:2      | Identified the +8 hand axe "Huinos" {freeze, rCorr Str-4
                  | Dex+6}
  1820 | D:2      | Noticed Sigmund
  1825 | D:2      | Killed Sigmund
  1826 | D:2      | Reached skill level 4 in Axes
  1826 | D:2      | Reached XP level 4. HP: 40/41 MP: 3/3
  1826 | D:2      | Reached XP level 5. HP: 45/47 MP: 4/4
  2388 | D:3      | Reached skill level 5 in Fighting
  2388 | D:3      | Reached skill level 5 in Shields
  2424 | D:3      | Reached skill level 5 in Armour
  2425 | D:3      | Reached XP level 6. HP: 41/56 MP: 5/5
  3045 | D:4      | Found a sparkling altar of Nemelex Xobeh.
  3047 | D:4      | Reached skill level 5 in Axes
  3350 | D:4      | Found Sefyjuos's Neck Hole.
  3356 | D:4      | Reached skill level 6 in Axes
  3448 | D:4      | Reached XP level 7. HP: 47/62 MP: 6/6
  3786 | D:4      | Gained mutation: Your spells are a little easier to cast,
                  | but a little less powerful. [potion of mutation]
  3786 | D:4      | Gained mutation: You passively map a small area around you.
                  | [potion of mutation]
  3788 | D:5      | Entered Level 5 of the Dungeon
  3801 | D:5      | Reached skill level 7 in Axes
  3989 | D:5      | Reached skill level 8 in Axes
  3989 | D:5      | Reached XP level 8. HP: 73/73 MP: 7/7
  4440 | D:6      | Reached skill level 9 in Axes
  4706 | D:6      | Reached skill level 10 in Axes
  4782 | D:6      | Found a staircase to the Ecumenical Temple.
  4958 | D:6      | Found a glowing drain.
  4962 | Sewer    | Entered a sewer
  5969 | Temple   | Entered the Ecumenical Temple
  5988 | Temple   | Became a worshipper of the Wu Jian Council
  6194 | D:7      | Reached skill level 11 in Axes
  6194 | D:7      | Reached XP level 9. HP: 82/82 MP: 8/8
  6677 | D:7      | Found a shadowy altar of Dithmenos.
  6686 | D:7      | Found a basalt altar of Yredelemnul.
  6695 | D:7      | Reached skill level 12 in Axes
  6699 | D:7      | Found a sacrificial altar of Ru.
  6702 | D:7      | Found a broken altar of Ashenzari.
  7305 | D:8      | Reached skill level 10 in Fighting
  7354 | D:8      | Noticed Pikel
  7370 | D:8      | Reached skill level 13 in Axes
  7381 | D:8      | Killed Pikel
  7382 | D:8      | Reached XP level 10. HP: 88/94 MP: 9/9
  7387 | D:8      | Reached * piety under Wu Jian
  7604 | D:8      | Found an iron altar of Okawaru.
  7605 | D:8      | Found a shimmering blue altar of Sif Muna.
  7625 | D:8      | Found a hazy altar of Hepliaklqana.
  7678 | D:8      | Noticed Maurice
  7689 | D:8      | Killed Maurice
  7690 | D:8      | Reached skill level 14 in Axes
  7747 | D:8      | Noticed Maggie
  7752 | D:8      | Killed Maggie
  8079 | D:9      | Noticed Grum
  8089 | D:9      | Killed Grum
  8471 | D:9      | Reached skill level 15 in Axes
  8480 | D:9      | Reached ** piety under Wu Jian
  8690 | D:9      | Identified 3 scrolls of acquirement
  8693 | D:9      | Acquired a manual of Stealth
  8814 | D:9      | Acquired the +0 pair of gloves "Gizxoh" {rElec rC+ Dex+5}
  8825 | D:9      | Acquired the +10 plate armour of the Mind {Contam Harm rN+}
  8865 | D:10     | Entered Level 10 of the Dungeon
  8886 | D:10     | Reached XP level 11. HP: 86/104 MP: 10/10
  8996 | D:10     | Reached *** piety under Wu Jian
  9066 | D:10     | Found a staircase to the Lair.
  9095 | D:10     | Reached skill level 16 in Axes
  9098 | D:10     | Acquired the ring "Rishruratz" {Str+3 Int+6}
  9102 | D:10     | Found a radiant altar of Vehumet.
  9108 | D:10     | Found a runed translucent door.
  9114 | D:10     | Identified the +1 leather armour of Xom's Favour {Will+
                  | Str+2 Stlth+}
  9127 | D:10     | Noticed aeroqp's ghost (journeyman VSCj)
  9267 | D:10     | Found a staircase to the Orcish Mines.
  9576 | D:10     | Killed aeroqp's ghost
  9584 | D:10     | Identified the +7 flail of No Interval {holy, rC+ Int+4
                  | SInv}
  9948 | D:11     | Noticed a boulder beetle
  9951 | D:11     | Noticed a two-headed ogre
  9960 | D:11     | Killed a two-headed ogre
  9963 | D:11     | Killed a boulder beetle
  9964 | D:11     | Reached skill level 17 in Axes
 10048 | D:11     | Found a transporter.
 10056 | D:11     | Noticed infcreate's ghost (journeyman DEHu)
 10066 | D:11     | Noticed Amaemon
 10079 | D:11     | Killed Amaemon
 10083 | D:11     | Noticed Sonja
 10097 | D:11     | Killed Sonja
 10097 | D:11     | Noticed an orc knight
 10251 | D:11     | Found a transporter.
 10293 | D:11     | Noticed Lodul
 10297 | D:11     | Killed Lodul
 10298 | D:11     | Reached XP level 12. HP: 110/115 MP: 11/11
 10298 | D:11     | Reached **** piety under Wu Jian
 10556 | D:11     | Killed infcreate's ghost
 10557 | D:11     | Reached skill level 18 in Axes
 10842 | D:12     | Noticed a seven-headed hydra
 10842 | D:12     | Noticed a two-headed ogre
 10851 | D:12     | Killed a seven-headed hydra
 10855 | D:12     | Killed a two-headed ogre
 11176 | D:12     | Noticed a boulder beetle
 11178 | D:12     | Noticed a boulder beetle
 11186 | D:12     | Killed a boulder beetle
 11189 | D:12     | Killed a boulder beetle
 11405 | D:12     | Reached skill level 19 in Axes
 11752 | D:12     | Found Orghoc Vau's Antique Weapon Emporium.
 11987 | D:13     | Noticed a centaur warrior
 11992 | D:13     | Reached skill level 10 in Armour
 12001 | D:13     | Killed a centaur warrior
 12005 | D:13     | Noticed a boulder beetle
 12011 | D:13     | Killed a boulder beetle
 12018 | D:13     | Reached XP level 13. HP: 57/124 MP: 12/12
 12082 | D:13     | Reached ***** piety under Wu Jian
 12294 | D:13     | Reached skill level 20 in Axes
 12653 | D:13     | Identified the staff of fire "Kamaps" {rElec rF+ rCorr
                  | Int-4 Dex+3}
 12854 | Lair:1   | Entered Level 1 of the Lair of Beasts
 13570 | Lair:2   | Reached skill level 5 in Ranged Weapons
 13574 | Lair:2   | Found a staircase to the Swamp.
 14077 | Lair:2   | Identified the +5 dagger of Ucic {heavy, Int+4}
 14131 | Lair:2   | You fall into a shaft and drop 1 floor!
 15117 | Lair:3   | Found a staircase to the Snake Pit.
 15914 | Lair:4   | Reached skill level 10 in Ranged Weapons
 15928 | Lair:4   | Reached XP level 14. HP: 120/132 MP: 13/13
 16505 | Lair:5   | Entered Level 5 of the Lair of Beasts
 16584 | Lair:5   | Found a runed translucent door.
 16586 | Lair:5   | Noticed an acid blob
 16593 | Lair:5   | Found a staircase to the Slime Pits.
 16611 | Lair:5   | Killed an acid blob
 16807 | Lair:5   | Reached ****** piety under Wu Jian
 17027 | Lair:5   | Found a dark tunnel.
 17032 | Volcano  | Entered a volcano
 17107 | Volcano  | Found a bloodstained altar of Trog.
 17119 | Volcano  | Reached skill level 15 in Ranged Weapons
 17411 | Lair:5   | Noticed GeoRichter's ghost (journeyman GnWr)
 17414 | Lair:5   | Found a runed translucent door.
 17461 | Lair:5   | Killed GeoRichter's ghost
 17531 | Lair:5   | Reached skill level 1 in Stealth
 17607 | Lair:5   | Reached skill level 5 in Stealth
 17641 | Lair:5   | Identified the +7 trident of the Shifting Hawk {pain,
                  | *Corrode rPois Str+2 Int+2}
 18584 | Lair:5   | Reached XP level 15. HP: 108/138 MP: 14/14
 18804 | Orc:1    | Entered Level 1 of the Orcish Mines
 19137 | Orc:1    | Found Ricriov's Magic Scroll Boutique.
 19158 | Orc:1    | Reached skill level 10 in Stealth
 19162 | Orc:1    | Bought a scroll of poison for 60 gold pieces
 19162 | Orc:1    | Bought a scroll of fear for 60 gold pieces
 19162 | Orc:1    | Bought a scroll of teleportation for 45 gold pieces
 19162 | Orc:1    | Bought a scroll of teleportation for 45 gold pieces
 19162 | Orc:1    | Bought a scroll of poison for 60 gold pieces
 19484 | Orc:2    | Entered Level 2 of the Orcish Mines
 19572 | Orc:2    | Found Qeapseuj's Weapon Shop.
 19572 | Orc:2    | Found Jege's Antique Armour Shoppe.
 19782 | Orc:2    | Found Ogerop's Antique Armour Emporium.
 19784 | Orc:2    | Found Saonur's Antique Armour Boutique.
 19789 | Orc:2    | Bought a runed hat for 168 gold pieces
 19802 | Orc:2    | Bought the +2 ratskin cloak {*Rats rPois rN+ Str-1 Int-1
                  | Dex+1} for 889 gold pieces
 19802 | Orc:2    | Found the +2 ratskin cloak {*Rats rPois rN+ Str-1 Int-1
                  | Dex+1}
 20110 | Orc:2    | Found a staircase to the Elven Halls.
 20589 | Snake:1  | Entered Level 1 of the Snake Pit
 22223 | Snake:2  | Noticed a nagaraja
 22234 | Snake:2  | Killed a nagaraja
 22980 | Snake:3  | Reached XP level 16. HP: 143/146 MP: 15/15
 23143 | Snake:3  | Reached skill level 15 in Armour
 23220 | Snake:3  | Identified the +2 mace of the Everdark {pain, rPois}
 23229 | Snake:3  | Found Docrocui's Firing Range.
 23643 | Snake:4  | Entered Level 4 of the Snake Pit
 25438 | Snake:4  | Noticed Vashnia
 25486 | Snake:4  | HP: 7/146 [Vashnia/arrow (19)]
 27322 | Snake:4  | Killed Vashnia
 27401 | Snake:4  | Reached skill level 15 in Stealth
 27601 | Snake:4  | Got a serpentine rune of Zot
 27903 | Swamp:1  | Entered Level 1 of the Swamp
 27940 | Swamp:1  | Reached XP level 17. HP: 57/152 MP: 16/16
 28400 | Swamp:1  | Noticed Frances
 28415 | Swamp:1  | Killed Frances
 29059 | Swamp:2  | Found a runed translucent gate.
 29060 | Swamp:2  | Found a runed translucent gate.
 29063 | Swamp:2  | Found a runed translucent gate.
 29070 | Swamp:2  | Noticed grothendieck's ghost (adept DjVM)
 29079 | Swamp:2  | Killed grothendieck's ghost
 29082 | Swamp:2  | Identified the ring of Itarull {rC+ Stlth+}
 29162 | Swamp:2  | Noticed Jorgrun
 29174 | Swamp:2  | Killed Jorgrun
 29717 | Swamp:3  | Noticed Mlioglotl
 29733 | Swamp:3  | Killed Mlioglotl
 30517 | Swamp:4  | Entered Level 4 of the Swamp
 30634 | Swamp:4  | Noticed Louise
 30638 | Swamp:4  | Killed Louise
 30646 | Swamp:4  | Noticed a tentacled monstrosity
 30650 | Swamp:4  | HP: 6/152 [spriggan druid/angry trees (12)]
 30650 | Swamp:4  | HP: 2/152 [spriggan druid/+0 quarterstaff (4)]
 30650 | Swamp:4  | Mangled by a thorn hunter

Illustrated notes

Levels and vault maps discovered:
D:1:      amcnicky_arrival_double_pillar, layout_basic, serial_curves,
          eino_curves_02, eino_curves_01, minmay_pentomino_t2
D:2:      layout_basic, uniq_sigmund
D:3:      layout_basic
D:4:      layout_loops_cross, nemelex_xobeh_ov_fountains_minmay,
          nicolae_shop_sticking_my_neck_out
D:5:      layout_basic
D:6:      layout_layer_cave, minmay_temple_entry_antechambers,
          gup_sewer_entry_spiral
D:7:      layout_gridville, grunt_temple_overflow_open,
          minmay_misc_feat_hallway, eino_jars
D:8:      layout_loops_ring, gammafunk_temple_overflow_forgotten, minivault_23,
          uniq_maggie, uniq_pikel, uniq_maurice
D:9:      layout_gridville, hive_lemuel, uniq_grum
D:10:     layout_gridville, mainiacjoe_overflow_concentric_impassable,
          hellmonk_lair_entry_icy, david_orc_5, ebering_ghost_reflecting_pool,
          minmay_fractal_squares_5
D:11:     layout_irregular_city, nzn_ghost_randoct, uniq_amaemon, uniq_lodul,
          uniq_sonja
D:12:     layout_cave_pods, serial_shops, nicolae_shop_tiny_real_fake_doors,
          serial_bayou_pond_d
D:13:     layout_rooms, minmay_beelzebubs_servants
Temple:   hellmonk_temple_forest_ring
Lair:1:   layout_gridlike, st_stairs_12, roderic_batcave,
          nicolae_lair_liquid_snakes
Lair:2:   layout_layer_cave, skrybe_swamp_entry_bodies
Lair:3:   layout_regular_city, dummy_snake_entry
Lair:4:   layout_hall_layers, lemuel_fruit_fields
Lair:5:   guppyfry_lair_end_dragon, layout_cave_pods,
          hangedman_lair_caniforms_friends, slime_entry_2,
          hellmonk_ghost_happy_afterlife, nicolae_volcano_entry_batcave,
          minmay_lair_oklob_items, lookout_lair_type
Swamp:1:  layout_falls_marsh, hangedman_swamp_diagram, uniq_frances
Swamp:2:  layout_falls_marsh, ebering_ghost_rock_garden,
          evilmike_swamp_ruin_house_5, uniq_jorgrun
Swamp:3:  layout_falls_marsh, portal_ice_cave_entry_ice_statue_one,
          evilmike_swamp_ruin_house_3, uniq_mlioglotl
Swamp:4:  nzn_swamp_witches_coven, layout_basic_swamp, swamp_pool3,
          worms_lemuel, uniq_louise
Snake:1:  layout_gridlike, grunt_megastairs_2
Snake:2:  layout_rooms
Snake:3:  layout_gridlike, nicolae_shop_firing_range
Snake:4:  snake_pit, layout_gridlike, uniq_vashnia
Orc:1:    layout_caves, serial_shops, nicolae_diamond_shop
Orc:2:    st_orc_rangers, layout_caves, basic_altar

Skill      XL: |  1  2  3  4  5  6  7  8  9 10 11 12 13 14 15 16 17 |
---------------+----------------------------------------------------+-----
Fighting       | 4 5 7 8 10 12 13 14 | 14.0
Armour         | 4 5 8 10 12 14 17 18 | 18.9
Shields        | 4 5 |  5.0
Axes           | 3 4 6 8 11 13 15 17 19 20 | 20.0
Ranged Weapons | 10 16 17 18 | 18.0
Stealth        | 9 13 15 16 | 16.2

Action                     |  1- 3 |  4- 6 |  7- 9 | 10-12 | 13-15 | 16-18 || total
---------------------------+-------+-------+-------+-------+-------+-------++-------
  Melee: War axe           |    53 |       |       |       |       |       ||    53
         Headbutt          |     6 |     3 |    39 |    49 |   115 |   110 ||   322
         Hand axe          |     7 |    60 |   244 |    15 |       |       ||   326
         Battleaxe         |       |       |       |   339 |   714 |   417 ||  1470
         Flail             |       |       |       |     7 |    11 |    15 ||    33
         Punch             |       |       |       |     1 |     1 |       ||     2
   Fire: Arbalest          |       |       |       |       |   188 |    62 ||   250
         Longbow           |       |       |       |       |       |   102 ||   102
 Invoke: Serpent's Lash    |       |       |       |       |     1 |       ||     1
Ability: Lunge             |       |       |    13 |    36 |    98 |    52 ||   199
         Whirlwind         |       |       |       |    19 |    19 |     5 ||    43
         Wall Jump         |       |       |       |     5 |       |       ||     5
  Evoke: Wand              |       |       |       |     7 |     3 |    31 ||    41
         Box of beasts     |       |       |       |       |       |     1 ||     1
         Tin of tremorston |       |       |       |       |       |     1 ||     1
    Use: Scroll            |     1 |     4 |     8 |    17 |     5 |     9 ||    44
         Potion            |       |       |     1 |     2 |       |     9 ||    12
   Stab: Sleeping          |       |       |       |       |       |     5 ||     5
 Armour: Scale mail        |    26 |    18 |    74 |    38 |       |       ||   156
         Plate armour      |       |       |       |   132 |   355 |   321 ||   808
  Dodge: Dodged            |    22 |     8 |    86 |   202 |   318 |   158 ||   794
  Block: Buckler           |    11 |    11 |    41 |     1 |       |       ||    64
         Other             |       |       |       |     8 |   147 |    85 ||   240
         Reflection        |       |       |       |     4 |    29 |    21 ||    54
